 Dungeon Crawl Stone Soup version 0.15-a0-481-g5350d32 (webtiles) character file.

163 Infinimo the Cudgeler (level 5, 0/32 HPs)
             Began as a Kobold Berserker on May 7, 2014.
             Was a Believer of Trog.
             Killed by nerve-wracking pain
             ... invoked by Grinder
              (10 damage)
             ... on Level 3 of the Dungeon.
             The game lasted 00:04:14 (3053 turns).

Infinimo the Cudgeler (Kobold Berserker)            Turns: 3053, Time: 00:04:14

HP   0/32        AC  7     Str 17      XL: 5   Next: 72%
MP   5/5         EV 12     Int  6      God: Trog [**....]
Gold 43          SH  0     Dex 14      Spells:  0 memorised,  4 levels left

rFire  . . .     SeeInvis +     a - +0 mace
rCold  . . .     Clarity  .     d - +0 ring mail
rNeg   . . .     Conserve .     (no shield)
rPois  .         rCorr    .     (no helmet)
rElec  .         rRot     .     (no cloak)
SustAb . .       Spirit   .     (no gloves)
rMut   .         Warding  .     (no boots)
Saprov + + .     Stasis   .     (no amulet)
MR     .....                    (no ring)
                                e - ring of see invisible

@: exhausted, slowed, very slow, not resistant to hostile enchantments, very
unstealthy
A: disease resistance, slimy green scales 1, carnivore 3, saprovore 2
a: Burn Spellbooks, Berserk, Trog's Hand, Renounce Religion


You were on level 3 of the Dungeon.
You worshipped Trog.
Trog was pleased with you.
You were not hungry.

You visited 1 branch of the dungeon, and saw 3 of its levels.

You collected 43 gold pieces.

Inventory:

Hand weapons
 a - a +0,+0 mace (weapon)
Armour
 d - a +0 ring mail (worn)
Magical devices
 j - a wand of digging (7) {unknown}
Comestibles
 c - a meat ration
Scrolls
 b - 2 scrolls of blinking
 f - a scroll of fog {unknown}
 h - a scroll of teleportation {unknown}
 i - 2 scrolls of identify
Jewellery
 e - a ring of see invisible (left hand)
Potions
 g - a potion of magic


   Skills:
 - Level 3.2 Fighting
 * Level 5.2 Maces & Flails
 - Level 1.5 Armour
 + Level 4.1 Dodging


You had 4 spell levels left.
You didn't know any spells.

Dungeon Overview and Level Annotations

Branches:
Dungeon (3/15)

Altars:

Annotations:
D:3 Grinder


Innate Abilities, Weirdness & Mutations

You recuperate from illness quickly.
You are small and have problems with some larger weapons.
You are carnivorous and can eat meat at any time.
You can eat rotten meat.
You are partially covered in slimy green scales (AC +2).


Message History

Read which item? (? for menu, Esc to quit)
Okay, then.
Unknown command.
You feel sick.
You are no longer poisoned.
You feel the effects of Trog's Hand fading.
Grinder gestures at you.
You suddenly lose the ability to move!
Grinder gestures at you. You resist with almost no effort.
Grinder gestures.
Grinder blinks!
You can move again.
Unknown command.
Unknown command.
Your skin stops crawling.
You feel less resistant to hostile enchantments.
Grinder gestures at you. Pain shoots through your body!
You die...

#...##.######### ##...#
.............(.. ......
#...#.......###. ###....#
#####.......# #......# ..#
#....#### #.#....### ..#
#..### #......... ..###..#
######.....##
#......#########...###..)..#
................@.....5..>.#
......##########...######.##
...##.# ...# ##### .#
#####.##...### #
..............
####......####
......(........ #
####..(...#### ### #.<....#
#...


You could see Grinder.

Vanquished Creatures
  A worker ant (D:3)
  Ijyb (D:2)
  4 gnolls (D:3)
  An adder (D:2)
  2 worms (D:3)
  A giant gecko (D:3)
  An ooze (D:3)
  4 bats
  4 giant cockroaches
  8 goblins
  6 hobgoblins
  14 jackals
  7 kobolds
  A quokka (D:2)
  2 ball pythons (D:1)
  3 giant newts (D:3)
  5 rats
65 creatures vanquished.

Notes
Turn   | Place    | Note
--------------------------------------------------------------
     0 | D:1      | Infinimo, the Kobold Berserker, began the quest for the Orb.
     0 | D:1      | Reached XP level 1. HP: 14/14 MP: 1/1
   176 | D:1      | Reached XP level 2. HP: 13/19 MP: 2/2
   470 | D:1      | Acquired Trog's second power
   732 | D:1      | Reached XP level 3. HP: 23/23 MP: 3/3
  1230 | D:2      | Noticed Ijyb
  1250 | D:2      | Killed Ijyb
  1250 | D:2      | Reached skill level 4 in Maces & Flails
  1579 | D:2      | Reached XP level 4. HP: 28/28 MP: 4/4
  2216 | D:3      | Reached XP level 5. HP: 32/32 MP: 5/5
  2477 | D:3      | Reached skill level 5 in Maces & Flails
  2742 | D:3      | Noticed Grinder
  2754 | D:3      | Paralysed by Grinder for 5 turns
  2761 | D:3      | Gained mutation: You are partially covered in slimy green scales (AC +2). [potion of beneficial mutation]
  2761 | D:3      | HP: 1/32 [Grinder (2)]
  2762 | D:3      | Paralysed by a potion of paralysis for 4 turns
  3039 | D:3      | Paralysed by Grinder for 6 turns
  3050 | D:3      | Paralysed by Grinder for 3 turns
  3053 | D:3      | Killed from afar by Grinder

Action                   |  1- 3 |  4- 6 || total
-------------------------+-------+-------++-------
Melee: Mace              |   105 |   132 ||   237
Invok: Berserk           |     3 |     3 ||     6
       Trog's Hand       |       |     3 ||     3
  Use: Scroll            |     3 |     1 ||     4
       Potion            |     1 |     2 ||     3
 Stab: Sleeping          |     1 |       ||     1
